 Dungeon Crawl Stone Soup version 0.27-a0-1312-g5cdb2b3542 (webtiles) character file.

Game seed: 4671155985282909592

375 benstopics the Grave Robber (level 7, 0/48 HPs)
             Began as a Human Necromancer on June 20, 2021.
             Was an Initiate of Gozag.
             Succumbed to a kobold's poison
             ... on level 4 of the Dungeon.
             The game lasted 00:42:35 (2393 turns).

benstopics the Grave Robber (Human Necromancer)     Turns: 2393, Time: 00:42:35

Health: 0/48       AC:  6    Str:  9    XL:     7   Next: 3%
Magic:  3/12       EV:  8    Int: 23    God:    Gozag
Gold:   204        SH:  0    Dex: 13    Spells: 12/13 levels left

rFire    . . .     SeeInvis .   e - +0 short sword
rCold    . . .     Faith    .   (no shield)
rNeg     . . .     Spirit   +   o - +0 scale mail
rPois    .         Reflect  .   (no helmet)
rElec    .         Harm     .   (no cloak)
rCorr    .         Rampage  .   (no gloves)
Will     .....                  (no boots)
Stlth    +.........             j - amulet of guardian spirit
HPRegen  0.16/turn              l - +6 ring of intelligence
MPRegen  0.13/turn              (no ring)

@: lethally poisoned (0 -> -9)
A: no striking features
a: Renounce Religion, Potion Petition, Call Merchant, Bribe Branch


You were on level 4 of the Dungeon.
You worshipped Gozag.
Gozag was aware of your devotion.
You visited 1 branch of the dungeon, and saw 4 of its levels.

You collected 247 gold pieces.
You paid 43 gold pieces to Gozag.

Inventory:

Hand Weapons
 e - a +0 short sword (weapon)
 h - a +0 dagger
 n - a +0 war axe
Missiles
 b - 70 arrows
 g - 4 atropa-tipped darts
 p - 8 boomerangs
 q - 20 sling bullets
Armour
 a - a +0 robe
 c - a +0 leather armour
 d - a +0 plate armour
 i - a +0 ring mail
 o - a +0 scale mail (worn)
Jewellery
 f - an amulet of regeneration
 j - an amulet of guardian spirit (around neck)
 l - a +6 ring of intelligence (left hand)
 s - a ring of resist corrosion
Wands
 r - a wand of polymorph (2)
Scrolls
 t - a scroll of immolation
Potions
 k - 3 potions of flight
 m - a potion of haste


   Skills:
 + Level 1.3 Fighting
 + Level 0.3 Short Blades
 + Level 1.0 Axes
 + Level 1.4 Armour
 + Level 2.3 Dodging
 + Level 2.3 Stealth
 + Level 0.1 Unarmed Combat
 + Level 3.9 Spellcasting
 + Level 5.8 Necromancy


You had 12 spell levels left.
You knew the following spells:

 Your Spells              Type           Power      Damage    Failure   Level
a - Pain                  Necr           100%       1d9       8%          1

Your spell library contained the following spells:

 Spells                   Type           Power      Damage    Failure   Level
 Animate Skeleton         Necr           62%        N/A       8%          1
 Vampiric Draining        Necr           15%        2d8       22%         3
 Animate Dead             Necr           15%        N/A       58%         4
 Agony                    Necr           31%        N/A       91%         5


Dungeon Overview and Level Annotations

Branches:
Dungeon (4/15)
 Temple: D:4-7

Altars:
Gozag

Shops:
D:4 *[(!

Annotations:
D:1 1 runed translucent door


Message History

The bullfrog skeleton is moderately damaged.
You feel very sick. The bullfrog skeleton hits you.
You feel sick. The bullfrog skeleton hits you.
* * * LOW HITPOINT WARNING * * *
Casting: Pain (safe; 8% risk of failure)
Confirm with . or Enter, or press ? or * to list all spells.
Aiming: Pain (safe; 8% risk of failure)
Press: ? - help, Shift-Dir - straight line, f - bullfrog skeleton
Aim: a bullfrog skeleton (moderately damaged, not susceptible)
The bullfrog skeleton is unaffected.
The kobold shouts!
You feel sick.
The bullfrog skeleton hits you but does no damage.
Casting: Pain (safe; 8% risk of failure)
Confirm with . or Enter, or press ? or * to list all spells.
Aiming: Pain (safe; 8% risk of failure)
Press: ? - help, Shift-Dir - straight line, f/p - bullfrog skeleton
Aim: a bullfrog skeleton (moderately damaged, not susceptible)
The bullfrog skeleton is unaffected.
You feel sick.
The kobold is no longer distracted by gold.
The bullfrog skeleton hits you.
* * * LOW HITPOINT WARNING * * *
You are too injured to fight recklessly!
Casting: Pain (safe; 8% risk of failure)
Confirm with . or Enter, or press ? or * to list all spells.
Aiming: Pain (safe; 8% risk of failure)
Press: ? - help, Shift-Dir - straight line, f/p - bullfrog skeleton
Aim: a bullfrog skeleton (moderately damaged, not susceptible)
The bullfrog skeleton is unaffected.
* * * LOW HITPOINT WARNING * * *
You feel sick.
The bullfrog skeleton hits you but does no damage.
The kobold throws a poisoned dart.
The poisoned dart hits you!
You are more poisoned.
* * * LOW HITPOINT WARNING * * *
You feel sick. The bullfrog skeleton hits you.
Found Orghot's Assorted Antiques.
You die...
Your body crumbles into a pile of gold.

### ###..#
#.##############.#..#
#................#..#
#.#...##########.#..#
#.#.#.# #.#..#
###.#.#.# #.#..#
......#Z## #.#..#
#......#########.#..#
#....@.##...........#
#......##........#.##
.⌠.⌠K....###########.#
..∩....... #.#
#⌠.⌠....... #.#
#.........≈. #.#
#∩#......≈≈.≈ #.#
#.#......≈≈∩≈≈ #.# #.#


You could see a kobold and a bullfrog skeleton.

Vanquished Creatures
  Sigmund (D:3)
  A scorpion (D:4)
  Jessica (D:2)
  Ijyb (D:3)
  6 adders
  2 worms
  A dart slug (D:2)
  An orc (D:3)
  4 bats
  5 endoplasms
  4 goblins
  A hobgoblin (D:2)
  10 jackals
  A quokka (D:4)
  2 ball pythons
  3 frilled lizards
  3 kobolds
  2 rats
49 creatures vanquished.

Notes
Turn   | Place    | Note
-------+----------+-------------------------------------------
     0 | D:1      | benstopics the Human Necromancer began the quest for the
                  | Orb.
     0 | D:1      | Reached XP level 1. HP: 13/13 MP: 3/3
     1 | D:1      | Found a runed translucent door.
     1 | D:1      | Noticed a jelly
     2 | D:1      | Noticed a jelly
   500 | D:1      | Reached XP level 2. HP: 19/19 MP: 3/5
   772 | D:2      | Reached XP level 3. HP: 24/24 MP: 1/6
  1057 | D:2      | Reached XP level 4. HP: 26/30 MP: 5/7
  1175 | D:2      | Reached skill level 5 in Necromancy
  1235 | D:2      | Noticed Jessica
  1245 | D:2      | Killed Jessica
  1297 | D:3      | Reached XP level 5. HP: 36/36 MP: 3/9
  1302 | D:3      | Noticed Sigmund
  1478 | D:3      | Killed Sigmund
  1479 | D:3      | Reached skill level 1 in Fighting
  1479 | D:3      | Reached skill level 1 in Axes
  1479 | D:3      | Reached skill level 1 in Armour
  1479 | D:3      | Reached XP level 6. HP: 37/43 MP: 4/11
  1488 | D:3      | Found an opulent altar of Gozag.
  1499 | D:3      | Became a worshipper of Gozag Ym Sagoz the Greedy
  1685 | D:3      | Noticed Ijyb
  1707 | D:3      | Killed Ijyb
  2200 | D:4      | Reached XP level 7. HP: 41/48 MP: 9/12
  2206 | D:4      | Found Woanokui's Distillery.
  2374 | D:4      | Found Kyseof's Antique Armour Emporium.
  2392 | D:4      | Found Orghot's Assorted Antiques.
  2392 | D:4      | HP: 1/48 [poisoned by a kobold]
  2393 | D:4      | Found Zufras's Antique Weapon Shop.
  2393 | D:4      | Succumbed to a kobold's poison

Illustrated notes

Levels and vault maps discovered:
D:1:      dpeg_arrival_caged_fury, layout_loops_ring, serial_shops, shop,
          hangedman_glass_teeth
D:2:      layout_rooms, minivault_4, uniq_jessica
D:3:      layout_loops_cross, grunt_gozag_statues, st_stairs_3,
          uniq_crazy_yiuf_cottage, uniq_sigmund, uniq_ijyb
D:4:      layout_basic, overflow_temple_1_default, serial_shops, shop_fountains,
          nicolae_shop_waterfront, shop, nicolae_shop_waterfront, shop,
          uniq_duvessa

Skill      XL: |  1  2  3  4  5 |
---------------+----------------+-----
Necromancy     | 5 |  5.8
Fighting       | 1 |  1.3
Axes           | 1 |  1.0
Armour         | 1 |  1.4
Spellcasting   | 3 |  3.9
Short Blades   | |  0.3
Dodging        | |  2.3
Stealth        | |  2.3
Unarmed Combat | |  0.1

Action                   |  1- 3 |  4- 6 |  7- 9 || total
-------------------------+-------+-------+-------++-------
Melee: Unarmed           |     1 |     6 |       ||     7
       Short sword       |    17 |     3 |     5 ||    25
       War axe           |     9 |    39 |       ||    48
 Cast: Pain              |    37 |    45 |     5 ||    87
  Use: Scroll            |     2 |     2 |     1 ||     5
       Potion            |       |     1 |       ||     1
 Stab: Sleeping          |     1 |       |       ||     1
Armor: Robe              |     4 |       |       ||     4
       Ring mail         |    19 |       |       ||    19
       Scale mail        |       |    37 |     5 ||    42
       Skin              |       |     2 |       ||     2
Dodge: Dodged            |    21 |    39 |     1 ||    61

Table legend: (Time is in decaauts)
 A = Elapsed time spent in this place.
 B = Non-inter-level travel time spent in this place.
 C = Inter-level travel time spent in this place.
 D = Time resting spent in this place.
 E = Time spent auto-exploring this place.
 F = Levels seen in this place.
 G = Mean time per level.
                   A        B        C        D        E       F      G
               +--------+--------+--------+--------+--------+-----+--------+
         Total |   2417 |   2417 |      0 |      0 |     16 |   4 |  604.2 |
       Dungeon |   2417 |   2417 |      0 |      0 |     16 |   4 |  604.2 |
               +--------+--------+--------+--------+--------+-----+--------+

Top non-repeatable levels by time:
     D:1: 811 daAuts
     D:2: 615 daAuts
     D:3: 608 daAuts
     D:4: 382 daAuts
